 Dungeon Crawl Stone Soup version 0.16-a0-324-g99bef82 (webtiles) character file.

550 PolkaDot the Summoner (level 7, -2/46 HPs)
             Began as a Vampire Summoner on Sept 3, 2014.
             Slain by Afay's ghost (15 damage)
             ... on Level 4 of the Dungeon.
             The game lasted 00:16:18 (4380 turns).

PolkaDot the Summoner (Vampire Summoner)            Turns: 4380, Time: 00:16:19

HP  -2/46        AC  8     Str  7      XL: 7   Next:  7%
MP   3/12        EV 12     Int 19      God:
Gold 142         SH  0     Dex 14      Spells:  3 memorised,  4 levels left

rFire  . . .     SeeInvis +     e - +2 dagger (protect)
rCold  . . .     Clarity  .     a - +0 robe
rNeg   . . .     rCorr    +     (no shield)
rPois  .         rRot     .     (no helmet)
rElec  .         Spirit   .     (no cloak)
SustAb .         Warding  .     (no gloves)
rMut   .         Stasis   .     r - +0 pair of boots
Gourm  .                        n - amulet of resist corrosion
MR     .....                    (no ring)
                                (no ring)

@: regenerating quickly, not resistant to hostile enchantments, unstealthy
A: bottle blood, fangs 3, see invisible, unbreathing
a: Bottle Blood


You were on level 4 of the Dungeon.
You were very full.

You visited 1 branch of the dungeon, and saw 4 of its levels.

You collected 142 gold pieces.

Inventory:

Hand weapons
 e - a +2 dagger of protection (weapon)
Armour
 a - a +0 robe (worn)
 r - a +0 pair of boots (worn)
Scrolls
 c - a scroll of blinking {unknown}
 f - 2 scrolls of random uselessness {unknown}
 g - a scroll of enchant armour {unknown}
 h - 2 scrolls of remove curse
 j - 2 scrolls of identify {unknown}
 k - 2 scrolls of fog {unknown}
 m - 2 scrolls of recharging {unknown}
 p - a scroll of magic mapping {unknown}
 q - a scroll of amnesia {unknown}
Jewellery
 n - an amulet of resist corrosion (around neck)
Potions
 d - a potion of haste {unknown}
 i - a potion of curing
 l - 2 potions of magic {unknown}
 o - a potion of degeneration {unknown}
 s - 2 potions of might {unknown}
 t - a potion of poison {unknown}
Books
 b - a book of Callings

   Spells                             Type                      Level
   *Summon Small Mammal               Summoning                    1
   *Call Imp                          Summoning                    2
   *Call Canine Familiar              Summoning                    3
   Summon Guardian Golem              Hexes/Summoning              4
   Summon Lightning Spire             Summoning/Air                4
   Summon Ice Beast                   Ice/Summoning                4


   Skills:
 - Level 2.1 Dodging
 - Level 3.0 Stealth
 - Level 2.0 Spellcasting
 + Level 8.6 Summonings


You had 4 spell levels left.
You knew the following spells:

 Your Spells              Type           Power        Failure   Level  Hunger
a - Summon Small Mammal   Summ           ####         1%          1    #......
d - Call Canine Familiar  Summ           ####....     1%          3    ####...
s - Call Imp              Summ           ####....     1%          2    ##.....


Dungeon Overview and Level Annotations

Branches:
Dungeon (4/15)
 Temple: D:4-7

Altars:
Makhleb

Annotations:
D:4 Afay's ghost, average GrFi


Innate Abilities, Weirdness & Mutations

Your natural rate of healing is unusually fast.
You can bottle blood from corpses.
You have razor-sharp teeth.
You have supernaturally acute eyesight.
You can survive without breathing.


Message History

Casting: Call Imp
Confirm with . or Enter, or press ? or * to list all spells.
A beastly little devil appears in a puff of flame.
* * * LOW MAGIC WARNING * * *
Your hound bites Afay's ghost but does no damage.
Afay's ghost hits you.
* * * LOW HITPOINT WARNING * * *
Your shadow imp hits Afay's ghost but does no damage.
You hit Afay's ghost but do no damage.
Afay's ghost is lightly damaged.
Your hound bites Afay's ghost but does no damage.
Afay's ghost hits you!
* * * LOW HITPOINT WARNING * * *
Your shadow imp hits Afay's ghost but does no damage.
Your hound bites Afay's ghost.
Your crimson imp barely misses Afay's ghost.
You swap places.
Your hound barely misses Afay's ghost.
Afay's ghost hits you but does no damage.
You are electrocuted!
You die...

♣♣♣♣.♣♣♣♣)♣♣ ♣....♣♣ ♣♣...♣♣
♣♣.♣♣ ♣♣♣...♣ ♣♣♣♣♣ (.♣♣♣♣ ♣♣.♣
♣...♣♣♣..h♣ ♣♣♣ ♣..♣♣ ♣♣...(..♣♣.
♣♣..♣♣♣ ♣♣♣♣♣♣♣♣♣♣ ♣♣...♣ ♣♣♣.♣
###############.#################
...............5@5h..............
######.########.#W5.......#######
#.########.#.#######.# #
#..........#.# #.# ####
#################.# #.# ##...
.....# #.# #.###...#
.....############.# #.##.....
...............##.# #.##....#
.....#########.##.# #.##.#.##


You could see Afay's ghost, a friendly hound, 2 friendly crimson imps and a
friendly shadow imp.

Vanquished Creatures
  A sky beast (D:4)
  Sigmund (D:2)
  3 hounds (D:4)
  2 worker ants (D:4)
  6 adders
  A giant mite (D:1)
  2 worms (D:2)
  4 giant geckos
  An ooze (D:2)
  7 orcs
  4 giant cockroaches
  5 hobgoblins
  7 jackals
  2 quokkas
  A ball python (D:3)
  10 bats
  8 giant newts
  12 goblins
  7 kobolds
  8 rats
92 creatures vanquished.

Vanquished Creatures (collateral kills)
  A phantom (D:4)
  An ogre (D:4)
  A hound (D:2)
  2 orc wizards (D:4)
  An iguana (D:4)
  2 adders (D:4)
  3 worms
  An orc (D:4)
  A giant cockroach (D:4)
  2 goblins (D:4)
  3 kobolds (D:4)
  A rat skeleton (D:4)
19 creatures vanquished.

Vanquished Creatures (others)
  A wolf (D:4)
  2 crimson imps (D:4)
  2 hounds (D:4)
  A white imp (D:4)
6 creatures vanquished.

Grand Total: 117 creatures vanquished

Notes
Turn   | Place    | Note
--------------------------------------------------------------
     0 | D:1      | PolkaDot, the Vampire Summoner, began the quest for the Orb.
     0 | D:1      | Reached XP level 1. HP: 13/13 MP: 3/3
   408 | D:1      | Reached XP level 2. HP: 19/19 MP: 4/4
   678 | D:1      | Learned a level 2 spell: Call Imp
   749 | D:2      | Reached skill level 5 in Summonings
   749 | D:2      | Reached XP level 3. HP: 15/24 MP: 1/6
   994 | D:2      | Found a burning altar of Makhleb.
  1076 | D:2      | Learned a level 3 spell: Call Canine Familiar
  1236 | D:2      | Noticed Sigmund
  1297 | D:2      | Killed Sigmund
  1297 | D:2      | Reached skill level 6 in Summonings
  1297 | D:2      | Reached XP level 4. HP: 15/30 MP: 1/7
  1731 | D:3      | Reached XP level 5. HP: 21/35 MP: 9/9
  2969 | D:4      | Reached skill level 7 in Summonings
  3133 | D:4      | Reached XP level 6. HP: 19/41 MP: 10/10
  3396 | D:4      | HP: 2/41 [poisoned by a worker ant]
  3401 | D:4      | HP: 2/41 [poisoned by a worker ant]
  3409 | D:4      | HP: 1/41 [poisoned by a worker ant]
  3613 | D:4      | Noticed an ogre
  3637 | D:4      | Killed an ogre
  3783 | D:4      | Reached skill level 8 in Summonings
  3994 | D:4      | Noticed a phantom
  4017 | D:4      | Killed a phantom
  4017 | D:4      | Reached XP level 7. HP: 33/46 MP: 2/12
  4368 | D:4      | Noticed Afay's ghost (average GrFi)
  4380 | D:4      | Slain by Afay's ghost

Action                   |  1- 3 |  4- 6 |  7- 9 || total
-------------------------+-------+-------+-------++-------
Melee: Dagger            |   128 |   236 |    32 ||   396
 Cast: Call Imp          |     3 |    17 |     3 ||    23
       Call Canine Famil |     2 |    13 |     2 ||    17
       Summon Small Mamm |     1 |       |       ||     1
  Use: Potion            |     2 |       |       ||     2
       Scroll            |     1 |     1 |       ||     2
 Stab: Sleeping          |     2 |     7 |       ||     9
       Distracted        |     1 |     2 |       ||     3
  Eat: Corpse            |    12 |    18 |     5 ||    35
